 Dungeon Crawl Stone Soup version 0.25-a0-589-g1e14c549ee (webtiles) character file.

Game seed: 7160223746079165847, levelgen mode: deterministic

42 Gynju the Conjurer (level 3, -3/26 HPs)
             Began as a Draconian Conjurer on Mar 12, 2020.
             Slain by a worker ant (6 damage)
             ... on level 2 of the Dungeon.
             The game lasted 00:02:11 (1510 turns).

Gynju the Conjurer (Draconian Conjurer)             Turns: 1510, Time: 00:02:12

Health: -3/26      AC:  5    Str: 10    XL:     3   Next: 33%
Magic:  0/6        EV: 12    Int: 16    God:
Gold:   38         SH:  0    Dex: 11    Spells: 6/7 levels left

rFire    . . .     SeeInvis .   e - +0 short sword
rCold    . . .     Gourm    .   (no shield)
rNeg     . . .     Faith    .   (armour unavailable)
rPois    .         Spirit   .   (helmet restricted)
rElec    .         Reflect  .   (no cloak)
rCorr    .         Harm     .   (no gloves)
MR       .....                  (no boots)
Stlth    ++........             (no amulet)
HPRegen  0.08/turn              (no ring)
MPRegen  0.10/turn              (no ring)

@: lethally poisoned (-3 -> -27), very slightly contaminated
A: unfitting armour, cold-blooded, AC +5
a: no special abilities


You were on level 2 of the Dungeon.
You were hungry.

You visited 1 branch of the dungeon, and saw 2 of its levels.

You collected 38 gold pieces.

Inventory:

Hand Weapons
 d - a +0 club
 e - a +0 short sword (weapon)
Missiles
 c - 12 poisoned darts (quivered)
Scrolls
 a - 2 scrolls of identify {unknown}
 f - a scroll of enchant armour {unknown}
 h - a scroll of teleportation {unknown}
Potions
 g - a potion of brilliance {unknown}
Comestibles
 b - 2 rations


   Skills:
 + Level 2.4 Dodging
 + Level 2.5 Stealth
 + Level 2.5 Spellcasting
 - Level 4.0 Conjurations


You had 6 spell levels left.
You knew the following spells:

 Your Spells              Type           Power        Failure   Level  Hunger
a - Magic Dart            Conj           ##..         3%          1    #......

Your spell library contained the following spells:

 Spells                   Type           Power        Failure   Level  Hunger
 Searing Ray              Conj           ##....       6%          2    ##.....
 Dazzling Flash           Conj/Hex       #.....       26%         3    ###....
 Fulminant Prism          Conj/Hex       #.........   65%         4    #####..
 Iskenderun's Mystic Bla  Conj/Tloc      #.......     65%         4    #####..


Dungeon Overview and Level Annotations

Branches:
Dungeon (2/15)

Altars:
Fedhas


Innate Abilities, Weirdness & Mutations

Your plain brown scales are hard. (AC +5)
You cannot fit into any form of body armour.
You are cold-blooded and may be slowed by cold attacks.


Message History

Confirm with . or Enter, or press ? or * to list all spells.
You don't have enough magic to cast that spell.
You barely miss the worker ant.
The worker ant is heavily wounded.
You feel sick. The worker ant bites you. x2
You barely miss the worker ant.
The worker ant is heavily wounded.
You feel sick.
The worker ant bites you but does no damage.
You barely miss the worker ant.
The worker ant is heavily wounded.
You feel sick. The worker ant bites you.
* * * LOW HITPOINT WARNING * * *
You are more poisoned.
The worker ant poisons you!
You hit the worker ant but do no damage.
The worker ant is heavily wounded.
* * * LOW HITPOINT WARNING * * *
You feel sick. The worker ant misses you. The worker ant bites you.
You die...

... .$. .. ######
.. #....# ###?
#....# #.? #....#
##a# #.<._####.@#
#......##.##
#....#....#
#....[...##.####
#....###รท......#
.................
..######.........#
.#. #.........# <
#.........#


You could see a worker ant.

Vanquished Creatures
  An adder (D:2)
  2 oozes (D:1)
  A worm (D:2)
  A leopard gecko (D:1)
  2 goblins (D:1)
  3 hobgoblins (D:1)
  4 bats (D:1)
  A frilled lizard (D:1)
  3 kobolds (D:1)
  6 rats
24 creatures vanquished.

Notes
Turn   | Place    | Note
-------+----------+-------------------------------------------
     0 | D:1      | Gynju the Draconian Conjurer began the quest for the Orb.
     0 | D:1      | Reached XP level 1. HP: 14/14 MP: 3/3
   310 | D:1      | Reached XP level 2. HP: 14/20 MP: 0/5
  1075 | D:1      | Reached XP level 3. HP: 26/26 MP: 1/6
  1351 | D:2      | Found a blossoming altar of Fedhas.
  1510 | D:2      | Slain by a worker ant

Levels and vault maps discovered:
D:1:      kennysheep_arrival_seaside, layout_basic
D:2:      layout_rooms, overflow_temple_1_default, hangedman_decor_push

Skill      XL: |  1 |
---------------+----+-----
Stealth        | 2 |  2.5
Dodging        | 2 |  2.4
Spellcasting   | |  2.5
Conjurations   | |  4.0

Action                   || total
-------------------------++-------
Melee: Unarmed           ||     9
       Short sword       ||    19
       Tailslap          ||     3
 Cast: Magic Dart        ||    56
  Eat: Chunk             ||     2
Armor: Skin              ||     5
Dodge: Dodged            ||    21

Table legend:
 A = Non-vault XP
 B = Vault XP
 C = Vault XP percentage of total XP
 D = Non-vault monster count
 E = Vault monster count
 F = Vault count percentage of total count
                 A         B        C        D         E       F
            +---------+---------+-------+---------+---------+-------
      Total |      60 |       0 |   0.0 |      24 |       0 |   0.0
            +---------+---------+-------+---------+---------+-------
        D:1 |      41 |       0 |   0.0 |      21 |       0 |   0.0
        D:2 |      19 |       0 |   0.0 |       3 |       0 |   0.0
            +---------+---------+-------+---------+---------+-------
